 Dungeon Crawl Stone Soup version 0.31-a0-345-g1ebeae05c6 (webtiles) character file.

Game seed: 17067136636121915955

13804 shadowrider38 the Grappler (level 11, 0/94 HPs)
             Began as a White Draconian Shapeshifter on July 22, 2023.
             Was an Elder of Cheibriados.
             Slain by a cyclops (26 damage)
             ... on level 11 of the Dungeon.
             The game lasted 00:17:55 (12795 turns).

shadowrider38 the Grappler (DrSh)                  Turns: 12795, Time: 00:17:55

Health: 0/94       AC:  7    Str: 32    XL:     11   Next: 80%
Magic:  14/14      EV: 15    Int: 18    God:    Cheibriados [****..]
Gold:   180        SH:  0    Dex: 22    Spells: 10/10 levels left

rFire   . .          .
                       - Unarmed
rCold   + . .        (no shield)
rNeg    . . .        (body armour unavailable)
rPois   .            (helmet currently unavailable)
rElec   .            C - melded scarf {rC+ rF+}
rCorr   .            u - melded +2 pair of gloves {hurl}
SInv    .            h - melded +0 pair of boots
Will    .....        q - amulet of the acrobat
Stlth   ++           (no ring)
HPRegen 0.35/turn    (no ring)
MPRegen 0.14/turn

%: acrobat
@: beast-form, very slow
A: beast (slay +7), breathe frost, AC +7, unfitting armour, cold resistance 1,
cold-blooded
a: Breathe Frost, Begin Untransformation, Renounce Religion, Bend Time, Temporal
Distortion, Slouch


You were on level 11 of the Dungeon.
You worshipped Cheibriados.
Cheibriados was greatly pleased with you.
You were a hulking beast.
You visited 2 branches of the dungeon, and saw 12 of its levels.
You also visited: Bailey.

You collected 417 gold pieces.
You spent 237 gold pieces at shops.

Inventory:

Hand Weapons
 n - the +5 hand axe "Yppob" {drain, rF+ rN+}
   (You found it on level 2 of the Dungeon)

   rF:        It protects you from fire.
   rN:        It protects you from negative energy.
Missiles
 t - 13 boomerangs (quivered)
 F - 5 curare-tipped darts
 J - 7 atropa-tipped darts
 Z - 3 throwing nets
Armour
 h - a +0 pair of boots (melded)
 u - a +2 pair of gloves of hurling (melded)
 A - a +0 cloak
 C - a scarf of resistance (melded)
 D - an orb of wrath
Magical Staves
 e - a staff of air
 K - a staff of earth
Jewellery
 q - an amulet of the acrobat (around neck)
 r - an amulet of regeneration
Talismans
 b - a beast talisman
Wands
 m - a wand of polymorph (6)
 s - a wand of mindburst (15)
 I - a wand of iceblast (1)
 V - a wand of flame (21)
Scrolls
 a - 3 scrolls of fear
 c - a scroll of vulnerability
 d - 2 scrolls of fog
 i - a scroll of enchant weapon
 j - 2 scrolls of poison
 k - a scroll of torment
 v - a scroll of summoning {unknown}
 y - a scroll of immolation {unknown}
 B - 7 scrolls of blinking
 G - a scroll of noise {unknown}
 M - 3 scrolls of revelation
 O - a scroll of enchant armour {unknown}
 T - 4 scrolls of teleportation
Potions
 f - 4 potions of might
 g - 2 potions of invisibility {unknown}
 l - a potion of resistance
 o - a potion of lignification
 p - 2 potions of attraction
 w - a potion of berserk rage
 x - a potion of brilliance
 z - a potion of cancellation
 E - 4 potions of heal wounds {unknown}
 H - a potion of haste
 N - a potion of mutation {unknown}
 Q - 3 potions of curing
Miscellaneous
 L - a lightning rod (4/4)


   Skills:
 + Level 8.1 Fighting
 + Level 5.1 Dodging
 * Level 12.0 Unarmed Combat
 + Level 5.1 Invocations
 - Level 10.2 Shapeshifting


You had 10 spell levels left.
You didn't know any spells.
Your spell library contained the following spells:

 Spells                   Type           Power      Damage    Failure   Level
 Apportation              Tloc           0%         N/A       22%         1
 Necrotise                Necr           0%         1d4       22%         1
 Summon Small Mammal      Summ           0%         N/A       22%         1
 Cigotuvi's Dreadful Rot  Necr/Pois/Air  0%         N/A       32%         2
 Call Canine Familiar     Summ           0%         N/A       54%         3
 Stone Arrow              Conj/Erth      0%         3d7       54%         3
 Summon Guardian Golem    Hex/Summ       0%         N/A       54%         3
 Animate Dead             Necr           0%         N/A       91%         4
 Dispel Undead            Necr           0%         3d6       91%         4
 Borgnjor's Vile Clutch   Necr/Erth      0%         N/A       99%         5
 Iskenderun's Battlesphe  Conj           0%         2d6       99%         5
 Death Channel            Necr           0%         N/A       100%        6
 Leda's Unmaking          Conj/Erth      0%         9d1       100%        6
 Spellforged Servitor     Conj/Summ      0%         N/A       100%        7
 Lehudib's Crystal Spear  Conj/Erth      0%         10d2      100%        8
 Animate Armour           Summ/Erth      Unusable   N/A       N/A         4

Dungeon Overview and Level Annotations

Branches:
Dungeon (11/15)            Temple (1/1) D:6            Lair (0/5) D:10
    Orc (0/2) D:10         Bailey (visited)

Altars:
Ashenzari
Cheibriados
Dithmenos
Elyvilon
Fedhas
Gozag
Hepliaklqana
Kikubaaqudgha
Makhleb
Nemelex Xobeh
Okawaru
Qazlal
Ru
Sif Muna
Trog
Uskayaw
Vehumet
Wu Jian
Xom
Yredelemnul
Zin
The Shining One

Shops:
D:3 ?   D:4 ?   D:7 ?

Annotations:
D:4 3 runed translucent doors, LeprechaunX's ghost, amateur OpSh
D:5 1 runed translucent door, Blork the orc
D:8 exclusions: 3 lemures, 2 orcs, orc wizard and two-headed ogre, Joseph
D:10 exclusion: oklob plant


Innate Abilities, Weirdness & Mutations

You are a hulking beast.
Your limbs bulge with bestial killing power. (Slay +7)
You can breathe waves of freezing cold which knock back foes.
Your icy white scales are hard. (AC +7)
You cannot fit into any form of body armour.
Your flesh is cold resistant. (rC+)
You are cold-blooded and may be slowed by cold attacks.


Message History

The orc shouts!
The two-headed ogre shouts in stereo!
You pummel the orc priest!!
You kill the orc priest!
Cheibriados appreciates the change of pace.
The orc completely misses you.
Things that are here:
a +2 vampiric war axe; a +0 leather armour You barely miss the orc.
You tail-slap the orc, but do no damage.
Your punch misses the orc. The orc barely misses you.
The orc completely misses you.
You hit the orc but do no damage. You tail-slap the orc!
You kill the orc!
Cheibriados thoroughly appreciates the change of pace.
The orc hits you but does no damage.
You pummel the orc!!
You kill the orc!
Cheibriados appreciates the change of pace.
The cyclops throws a large rock.
The large rock hits you.
You pummel the two-headed ogre!! Your punch misses the two-headed ogre.
The two-headed ogre is heavily wounded.
You hit the two-headed ogre but do no damage.
You tail-slap the two-headed ogre.
The two-headed ogre is heavily wounded.
The two-headed ogre closely misses you.
The two-headed ogre hits you with a +0 giant club!
You hit the two-headed ogre.
The two-headed ogre is heavily wounded.
The orc hits you with a +0 whip.
The two-headed ogre hits you with a +0 giant club!!
The two-headed ogre hits you with a +0 giant club.
You pummel the two-headed ogre!!
You kill the two-headed ogre!
Cheibriados thoroughly appreciates the change of pace.
The cyclops throws a large rock.
The large rock misses you. The orc hits you but does no damage.
Your Unarmed Combat skill increases to level 12!
You punch the orc!
You kill the orc!
Cheibriados appreciates the change of pace.
The cyclops completely misses you. The cyclops hits you!!
* * * LOW HITPOINT WARNING * * *
Items here: ))) [ †.
You punch the cyclops! You tail-slap the cyclops!
The cyclops is heavily wounded.
You feel better. The cyclops completely misses you.
You punch the cyclops!
The cyclops is severely wounded.
The cyclops hits you!!
You die...

♣ ~~~.P~♣ P♣♣~~~.~~♣
........# ##~♣~≈≈.~≈♣
....^..### ...♣~≈~.P~♣
........... ....~~~.~♣
.......... ....~~~.~♣
........# ....~~~.P♣♣#
#.......# ...~~~~.~♣~.
#C......#
..<♣~P~.~P~♣...#h).....#
.##♣~P~.P~~~...#).)....#
.#.)~~~.~~~~..##.......#
.#)PP~P.PPP~..#........#
.#..♣~~.~P~~..#........#
.#...~P.~~P...#........#
.#....~.P~....#........#
.#.......####'#........#
.#.....)...............#


You could see a cyclops.

Vanquished Creatures
  Erica (D:10)
  5 two-headed ogres
  Nergalle (D:10)
  A cyclops (D:9)
  A gargoyle (D:10)
  A meliai (D:8)
  2 trolls (D:10)
  A hornet (D:10)
  12 yaks
  2 shadows
  3 spriggans (Bailey)
  Eustachio (D:4)
  5 wyverns
  Grum (D:8)
  2 steam dragons
  An acid dragon (D:8)
  2 orc warriors
  A black bear (D:8)
  3 ice beasts
  4 sky beasts
  5 ogres
  4 wolves
  4 centaurs
  6 kobold brigands
  2 bullfrogs
  3 gnoll sergeants
  9 scorpions
  7 wights
  A killer bee (D:9)
  A howler monkey (D:9)
  An electric eel (D:11)
  3 hounds
  4 orc priests
  3 jellies
  Terence (D:2)
  4 orc wizards
  2 iguanas
  Robin (D:4)
  17 gnolls
  8 adders
  A shadow imp (D:6)
  3 white imps
  3 ufetubi
  2 dart slugs
  17 orcs
  6 ball pythons
  3 endoplasms
  4 giant cockroaches
  12 goblins
  5 hobgoblins
  2 jackals
  27 kobolds
  4 bats
  2 frilled lizards
  2 rats
  A butterfly (D:5)
230 creatures vanquished.

Notes
Turn   | Place    | Note
-------+----------+-------------------------------------------
     0 | D:1      | shadowrider38 the Draconian Shapeshifter began the quest
                  | for the Orb.
     0 | D:1      | Reached XP level 1. HP: 16/16 MP: 1/1
   177 | D:1      | Reached XP level 2. HP: 18/23 MP: 2/2
  1155 | D:2      | Found a shimmering altar of Xom.
  1202 | D:2      | Identified the +5 hand axe "Yppob" {drain, rF+ rN+}
  1265 | D:2      | Noticed Terence
  1396 | D:2      | Reached XP level 3. HP: 27/29 MP: 3/3
  1732 | D:2      | Killed Terence
  1985 | D:3      | Reached XP level 4. HP: 37/37 MP: 4/4
  2038 | D:3      | Found Umie's Magic Scroll Emporium.
  2054 | D:3      | Bought a scroll of fear for 40 gold pieces
  2409 | D:4      | Noticed a kobold brigand
  2409 | D:4      | Noticed LeprechaunX's ghost (amateur OpSh)
  2409 | D:4      | Found a runed translucent gate.
  2409 | D:4      | Found a runed translucent gate.
  2409 | D:4      | Found a runed translucent gate.
  2471 | D:4      | Noticed Robin
  2511 | D:4      | Reached skill level 3 in Fighting
  2557 | D:4      | Noticed Eustachio
  2624 | D:4      | Reached skill level 4 in Unarmed Combat
  2624 | D:4      | Reached XP level 5. HP: 44/45 MP: 5/5
  2938 | D:5      | Entered Level 5 of the Dungeon
  3419 | D:5      | Reached XP level 6. HP: 52/52 MP: 6/6
  3424 | D:5      | Found a runed translucent door.
  3426 | D:5      | Found a runed translucent door.
  3452 | D:5      | Noticed an ice beast
  3548 | D:5      | HP: 2/52 [ogre/+0 giant club (18)]
  3552 | D:5      | Reached skill level 5 in Unarmed Combat
  3963 | D:4      | Killed Robin
  3999 | D:4      | Found Cugitewk's Magic Scroll Emporium.
  4099 | D:4      | Bought a scroll of teleportation for 30 gold pieces
  4099 | D:4      | Bought a scroll of teleportation for 30 gold pieces
  4130 | D:3      | Bought a scroll of fear for 40 gold pieces
  4166 | D:4      | Your scales start taking on an icy white colour.
  4166 | D:4      | Reached XP level 7. HP: 56/60 MP: 7/7
  4166 | D:4      | Gained mutation: Your flesh is cold resistant. (rC+) [White
                  | Draconian growth]
  4236 | D:4      | Killed Eustachio
  4676 | D:5      | Noticed Blork the orc
  5152 | D:5      | Reached skill level 6 in Unarmed Combat
  5155 | D:5      | Reached XP level 8. HP: 43/70 MP: 8/8
  5514 | D:6      | Found a staircase to the Ecumenical Temple.
  5562 | Temple   | Entered the Ecumenical Temple
  5575 | Temple   | Became a worshipper of Cheibriados the Contemplative
  5678 | D:6      | Reached skill level 7 in Unarmed Combat
  6329 | D:6      | Found a stormy altar of Qazlal.
  6466 | D:7      | Reached * piety under Cheibriados
  6533 | D:7      | Reached skill level 8 in Unarmed Combat
  6533 | D:7      | Reached XP level 9. HP: 70/75 MP: 9/9
  7351 | D:7      | Found Efaduq's Magic Scroll Shoppe.
  7359 | D:7      | Bought a scroll of blinking for 97 gold pieces
  7585 | D:8      | Noticed Grum
  7790 | D:8      | Noticed a two-headed ogre
  7800 | D:8      | Killed a two-headed ogre
  7801 | D:8      | Reached skill level 3 in Dodging
  7801 | D:8      | Reached skill level 9 in Unarmed Combat
  7813 | D:8      | Killed Grum
  7814 | D:8      | Reached XP level 10. HP: 54/84 MP: 10/12
  7912 | D:8      | Reached ** piety under Cheibriados
  7951 | D:8      | Noticed Joseph
  8120 | D:8      | Reached skill level 3 in Invocations
  8629 | D:8      | Noticed a two-headed ogre
  9476 | D:9      | Noticed a cyclops
  9577 | D:8      | Reached skill level 10 in Unarmed Combat
  9710 | D:9      | Killed a cyclops
  9806 | D:9      | Found a flagged portal.
  9906 | Bailey   | Entered a bailey
  9959 | Bailey   | Reached *** piety under Cheibriados
 10027 | Bailey   | Noticed a two-headed ogre
 10039 | Bailey   | Killed a two-headed ogre
 10040 | Bailey   | Reached skill level 9 in Shapeshifting
 10040 | Bailey   | Reached XP level 11. HP: 62/94 MP: 14/14
 11006 | D:9      | Reached **** piety under Cheibriados
 11213 | D:9      | Identified the +2 robe of the Hall of Blades {-Cast Slay+4}
 11323 | D:10     | Entered Level 10 of the Dungeon
 11371 | D:10     | Found a bloodstained altar of Trog.
 11373 | D:10     | Found an ancient bone altar of Kikubaaqudgha.
 11375 | D:10     | Found a hazy altar of Hepliaklqana.
 11375 | D:10     | Found a glowing golden altar of the Shining One.
 11375 | D:10     | Noticed Sonja
 11377 | D:10     | Sonja changed into Sonja the wolf
 11377 | D:10     | Noticed Sonja
 11381 | D:10     | Killed Sonja the wolf
 11385 | D:10     | Noticed an oklob plant
 11573 | D:10     | Reached skill level 11 in Unarmed Combat
 11700 | D:10     | Noticed Nergalle
 11713 | D:10     | Killed Nergalle
 11777 | D:10     | Noticed a two-headed ogre
 11781 | D:10     | Killed a two-headed ogre
 11783 | D:10     | Found a staircase to the Lair.
 11924 | D:10     | Found a staircase to the Orcish Mines.
 11936 | D:10     | Noticed Erica
 11944 | D:10     | Killed Erica
 12123 | D:10     | Found a glowing silver altar of Zin.
 12236 | D:10     | Noticed a two-headed ogre
 12240 | D:10     | Killed a two-headed ogre
 12780 | D:11     | Noticed a two-headed ogre
 12790 | D:11     | Killed a two-headed ogre
 12791 | D:11     | Reached skill level 12 in Unarmed Combat
 12795 | D:11     | Slain by a cyclops

Illustrated notes

Levels and vault maps discovered:
D:1:      dpeg_arrival_short_road, layout_basic, minmay_close_crescents
D:2:      layout_loops_ring, basic_altar, amcnicky_mini_corridor_feature,
          uniq_terence
D:3:      layout_loops_ring, serial_shops, shop
D:4:      layout_rooms, serial_shops, shop, gammafunk_ghost_nasty_kobolds,
          uniq_robin, uniq_eustachio
D:5:      lemuel_insect_pit, layout_basic, kennysheep_generic_room_7,
          uniq_blork_the_orc
D:6:      layout_loops_ring, mainiacjoe_overflow_alcove_2,
          minmay_temple_entry_wispy
D:7:      layout_loops_ring, serial_co_window_serial, co_window_paths_a,
          co_window_corner_a, co_window_corner_a, co_window_corner_a,
          co_window_paths_a, co_window_corner_ca, co_window_broadway_a,
          co_window_2corner, co_window_unsneaky_path_c,
          co_window_unsneaky_path_b, co_window_of_opportunity_b,
          co_window_of_opportunity_c, glass_columns_a, glass_columns_c,
          glass_columns_c, glass_columns_a, glass_columns_a, serial_shops,
          nicolae_shop_advertising_works [nicolae_subvault_shop_adworks]
D:8:      layout_layer_cave, minmay_strange_pillars, uniq_joseph, uniq_grum,
          uniq_pikel
D:9:      layout_loops_ring, enter_bailey_8, hangedman_decor_opposing,
          nicolae_concentric_dashed_squares_mild, minmay_misc_feat_nine_boxes,
          minmay_bent
D:10:     layout_loops_ring, marbit_many_paths, grunt_temple_overflow_open,
          dpeg_oklobed_lair, grunt_ministairs_10, fungi_pond_lemuel,
          kennysheep_another_room, uniq_nergalle, uniq_erica, uniq_sonja
D:11:     minmay_the_grid_square_5x5_3x3 [minmay_the_grid_square_5x5_shrine2,
          minmay_the_grid_square_5x5_mess,
          minmay_the_grid_square_5x5_beaten_path,
          minmay_the_grid_square_5x5_minibox,
          minmay_the_grid_square_5x5_megaprize_diamond,
          minmay_the_grid_square_5x5_meh, minmay_the_grid_square_5x5_corner,
          minmay_the_grid_square_5x5_bracketed, minmay_the_grid_square_5x5_v],
          layout_irregular_city, serial_bayou_lagoon_b
Temple:   regret_index_temple_sphere_string

Skill      XL: |  1  2  3  4  5  6  7  8  9 10 11 |
---------------+----------------------------------+-----
Fighting       | 2 3 4 6 7 8 |  8.1
Unarmed Combat | 4 5 6 8 9 10 12 | 12.0
Shapeshifting  | 4 5 7 8 9 10 | 10.2
Dodging        | 3 4 5 |  5.1
Invocations    | 2 4 5 |  5.1

Action                     |  1- 3 |  4- 6 |  7- 9 | 10-12 || total
---------------------------+-------+-------+-------+-------++-------
  Melee: Unarmed           |    86 |   139 |   202 |   258 ||   685
         Punch             |     4 |     5 |    10 |    16 ||    35
         Tailslap          |     2 |    13 |    41 |    56 ||   112
  Throw: Boomerang         |     2 |       |       |     2 ||     4
         Dart              |       |     3 |       |     3 ||     6
Ability: Breathe Frost     |       |       |     5 |     4 ||     9
  Evoke: Wand              |       |       |       |     9 ||     9
    Use: Scroll            |     1 |    10 |     2 |     6 ||    19
         Potion            |     1 |     1 |     1 |     3 ||     6
   Stab: Sleeping          |     3 |     1 |     2 |     1 ||     7
 Armour: Skin              |    29 |    57 |    62 |    63 ||   211
  Dodge: Dodged            |    54 |    99 |   211 |   238 ||   602
         Form:             |       |       |     1 |       ||     1
         Beast             |       |       |     1 |       ||     1

Table legend: (Time is in decaauts)
 A = Elapsed time spent in this place.
 B = Non-inter-level travel time spent in this place.
 C = Inter-level travel time spent in this place.
 D = Time resting spent in this place.
 E = Time spent auto-exploring this place.
 F = Levels seen in this place.
 G = Mean time per level.
                   A        B        C        D        E       F      G
               +--------+--------+--------+--------+--------+-----+--------+
         Total |  15145 |  14422 |    723 |   2624 |   9452 |  13 | 1165.0 |
       Dungeon |  14574 |  13880 |    694 |   2398 |   9262 |  11 | 1324.9 |
        Temple |     30 |      2 |     28 |      0 |      0 |   1 |   30.0 |
        Bailey |    541 |    541 |      0 |    226 |    190 |   1 |  541.0 |
               +--------+--------+--------+--------+--------+-----+--------+

Top non-repeatable levels by time:
     D:8: 2324 daAuts
    D:10: 2004 daAuts
     D:9: 1818 daAuts
     D:5: 1786 daAuts
     D:7: 1703 daAuts
     D:6: 1214 daAuts
     D:1: 1146 daAuts
     D:3: 957 daAuts
     D:4: 757 daAuts
     D:2: 729 daAuts
  Bailey: 541 daAuts
    D:11: 132 daAuts
  Temple: 30 daAuts
